 Dungeon Crawl Stone Soup version 0.26-a0-597-gb535b0901c (webtiles) character file.

Game seed: 11488260535624186856

16 Lanoc the Skirmisher (level 2, -4/24 HPs)
             Began as a Formicid Chaos Knight on Sept 1, 2020.
             Was a Plaything of Xom.
             Slain by a merfolk (glowing shapeshifter) (25 damage)
             ... on level 3 of the Dungeon.
             The game lasted 00:00:34 (241 turns).

Lanoc the Skirmisher (Formicid Chaos Knight)         Turns: 241, Time: 00:00:34

Health: -4/24      AC:  5    Str: 16    XL:     2   Next: 75%
Magic:  2/2        EV: 11    Int: 11    God:    Xom [......]
Gold:   13         SH:  0    Dex: 10    Spells: 1/1 levels left

rFire    . . .     SeeInvis +   a - +0 mace (chaos)
rCold    . . .     Faith    .   (no shield)
rNeg     . . .     Spirit   .   b - +2 leather armour
rPois    .         Reflect  .   (helmet unavailable)
rElec    .         Harm     .   (no cloak)
rCorr    .                      (no gloves)
MR       .....                  (no boots)
Stlth    +.........             (no amulet)
HPRegen  0.08/turn              (no ring)
MPRegen  0.08/turn              (no ring)

@: no status effects
A: permanent stasis, dig shafts and tunnels, four strong arms, antennae 3
a: Dig, Shaft Self, Renounce Religion


You were on level 3 of the Dungeon.
You worshipped Xom.
You were a very special plaything of Xom.
You visited 1 branch of the dungeon, and saw 3 of its levels.

You collected 13 gold pieces.

Inventory:

Hand Weapons
 a - a +0 mace of chaos (weapon)
Armour
 b - a +2 leather armour (worn)


   Skills:
 + Level 3.5 Fighting
 * Level 3.3 Maces & Flails
 + Level 2.4 Armour
 + Level 1.2 Dodging


You had one spell level left.
You didn't know any spells.
Your spell library was empty.

Dungeon Overview and Level Annotations

Branches:
Dungeon (3/15)

Altars:


Innate Abilities, Weirdness & Mutations

You cannot be hasted, slowed, berserked, paralysed or teleported.
You can dig through walls and to a lower floor.
Your four strong arms can wield two-handed weapons with a shield.
You have a pair of large antennae on your head. (SInv)


Message History

You hear Xom's avuncular chuckle.
The hobgoblin changes into a glowing shapeshifter!
The glowing shapeshifter changes into a merfolk!
You hit the merfolk.
The merfolk goes berserk!
Xom is mildly amused.
The merfolk is lightly wounded. "This might be better!"
Your stasis prevents you from teleporting.
The orc looks rather confused.
Some monsters swap places.
The orc wizard barely misses you.
The orc closely misses the merfolk.
You aren't carrying any potions.
As you read the scroll labeled UTTYAMN JORAT, it crumbles to dust.
You assume a fearsome visage.
The orc wizard looks frightened!
The orc looks frightened! x3; It was a scroll of fear.
You sock the merfolk! You burn the merfolk.
The merfolk is moderately wounded.
The merfolk hits you!!
Ouch! That really hurt!
You die...
Xom guffaws!

..... ..# .... ..
...# .. .o. .## ..#o.
o.. #o# #########m#
#......##@##
#.##.......#
#.#####.##.......#
#...............[...#
#######.##.#.###.####
#......###.#
#...†......#
###...###### #...#


You could see a merfolk shaped shifter (berserk), an orc wizard (invisible,
fleeing) and 3 orcs.

Vanquished Creatures
  2 leopard geckos
  2 orcs (D:3)
  A ball python (D:3)
  A hobgoblin (D:2)
  3 bats (D:3)
  3 rats
12 creatures vanquished.

Vanquished Creatures (others)
  A bat (D:2)
1 creature vanquished.

Grand Total: 13 creatures vanquished

Notes
Turn   | Place    | Note
-------+----------+-------------------------------------------
     0 | D:1      | Lanoc the Formicid Chaos Knight began the quest for the
                  | Orb.
     0 | D:1      | Reached XP level 1. HP: 18/18 MP: 1/1
    41 | D:2      | Reached skill level 1 in Dodging
    88 | D:3      | Reached XP level 2. HP: 24/24 MP: 2/2
   222 | D:3      | XOM: noise
   237 | D:3      | Noticed a glowing shapeshifter
   237 | D:3      | a hobgoblin changed into a glowing shapeshifter
   237 | D:3      | XOM: polymorph hobgoblin -> glowing shapeshifter
   237 | D:3      | Noticed a merfolk
   237 | D:3      | a glowing shapeshifter changed into a merfolk
   239 | D:3      | XOM: swap monsters
   241 | D:3      | Slain by a merfolk (glowing shapeshifter)

Illustrated notes

Levels and vault maps discovered:
D:1:      ncdulo_wetmaze, layout_basic, serial_bayou, serial_bayou_lagoon_b,
          serial_bayou_shore_b, serial_bayou_ford_a, serial_bayou_lagoon_a
D:2:      layout_loops_ring, fiery_altar_vehumet, lemuel_blue_sif_altar
D:3:      layout_loops_cross, lemuel_doored_altar, xom_teletrap_fun,
          minmay_misc_feat_five

Skill      XL: |  1 |
---------------+----+-----
Dodging        | 1 |  1.2
Fighting       | |  3.5
Maces & Flails | |  3.3
Armour         | |  2.4

Action                   || total
-------------------------++-------
Melee: Mace              ||    51
  Use: Scroll            ||     1
 Stab: Sleeping          ||     1
Armor: Leather armour    ||    25
Dodge: Dodged            ||    47

Table legend: (Time is in decaauts)
 A = Elapsed time spent in this place.
 B = Non-inter-level travel time spent in this place.
 C = Inter-level travel time spent in this place.
 D = Time resting spent in this place.
 E = Time spent auto-exploring this place.
 F = Levels seen in this place.
 G = Mean time per level.
                   A        B        C        D        E       F      G
               +--------+--------+--------+--------+--------+-----+--------+
         Total |    255 |    255 |      0 |      0 |    159 |   3 |   85.0 |
       Dungeon |    255 |    255 |      0 |      0 |    159 |   3 |   85.0 |
               +--------+--------+--------+--------+--------+-----+--------+

Top non-repeatable levels by time:
     D:3: 168 daAuts
     D:2: 57 daAuts
     D:1: 29 daAuts
